 Dungeon Sprint DCSS version 0.27-a0-1256-gced786f65e (webtiles) character file.

Game seed: 16477616167997209295

40709167 rocky1 the Conqueror (level 20, 216/216 HPs)
             Began as a Minotaur Fighter on June 11, 2021.
             Was the Champion of Qazlal.
             Escaped with the Orb
             ... and 10 runes!
             The game lasted 01:43:26 (15655 turns).

rocky1 the Conqueror (Minotaur Fighter)            Turns: 15655, Time: 01:43:27

Health: 216/216    AC: 47    Str: 36    XL:     20   Next: 66%
Magic:  36/36      EV: 21    Int:  7    God:    Qazlal [******]
Gold:   603        SH: 39    Dex: 16    Spells: 37/55 levels left

rFire    + + .     SeeInvis +   E - +3 eudemon blade (holy)
rCold    + + .     Faith    .   Z - +2 tower shield {reflect}
rNeg     . . .     Spirit   .   R - +4 gold dragon scales
rPois    +         Reflect  +   (helmet restricted)
rElec    +         Harm     .   W - +4 dragonskin cloak
rCorr    .         Rampage  .   F - +2 pair of gloves {Dex+3}
Will     +....     NoTele   +   S - +4 pair of boots "Xeurchekh" {rC+}
Stlth    ..........             z - amulet of regeneration
HPRegen  2.46/turn              I - ring of flight
MPRegen  0.25/turn              r - ring of Imaedonlo {rF+ Str+6 Dex+3 Slay+3 Stlth+}

@: flying, studying Bows, repel missiles
A: horns 2, retaliatory headbutt, see invisible, clever 1, low mp 1,
regeneration 1
0: Orb of Zot
}: 10/10 runes: serpentine, barnacled, slimy, silver, golden, iron, obsidian,
icy, bone, demonic
a: Renounce Religion, Upheaval, Elemental Force, Disaster Area


You escaped.
You worshipped Qazlal.
Qazlal was exalted by your worship.
You visited 1 branch You collected 5944 gold pieces.
You spent 5341 gold pieces at shops.

Inventory:

Hand Weapons
 q - the +5 demon blade "Tousull" {flame, rC+}
   (You acquired it in the Dungeon)

   It has been specially enchanted to burn those struck by it, causing extra
   injury to most foes and up to half again as much damage against particularly
   susceptible opponents.
   Big, fiery blades are also staple armaments of hydra-hunters.
   It protects you from cold.
 v - the +6 broad axe "Coassian" {vorpal, Contam Drain rPois Will+++}
   (You found it in the Dungeon)

   It inflicts extra damage upon your enemies.
   It protects you from poison.
   It causes magical contamination when unequipped.
   It drains your maximum health when unequipped.
   It greatly increases your willpower.
 E - a +3 eudemon blade of holy wrath (weapon)
 O - the +7 falchion "Ureux" {vorpal, Dex+4}
   (You found it in the Dungeon)

   It inflicts extra damage upon your enemies.
   It affects your dexterity (+4).
 Y - a +0 vampiric demon blade
Missiles
 s - 7 silver javelins (quivered)
 u - 6 javelins
Armour
 A - a +2 hat of willpower
 F - a +2 pair of gloves of dexterity (worn)
 P - a +2 cloak of willpower
 R - +4 gold dragon scales (worn)
 S - the +4 pair of boots "Xeurchekh" (worn) {rC+}
   (You bought it in a shop in the Dungeon)

   It protects you from cold.
 W - the +4 dragonskin cloak (worn)
   (You took it off Tiamat in the Dungeon)
 Z - a +2 tower shield of reflection (worn)
Jewellery
 b - a +4 ring of evasion
 n - a ring of protection from fire
 r - the ring of Imaedonlo (right hand) {rF+ Str+6 Dex+3 Slay+3 Stlth+}
   (You acquired it in the Dungeon)

   [ring of strength]

   It affects your strength (+6).
   It affects your dexterity (+3).
   It affects your accuracy and damage with ranged weapons and melee attacks
   (+3).
   It protects you from fire.
   It makes you more stealthy.
 t - the ring "Anirph" {rPois Int+2}
   (You found it in the Dungeon)

   [ring of poison resistance]

   It affects your intelligence (+2).
   It protects you from poison.
 y - the ring "Qiesan" {rN++ SInv}
   (You bought it in a shop in the Dungeon)

   [ring of see invisible]

   It greatly protects you from negative energy.
   It lets you see invisible.
 z - an amulet of regeneration (around neck)
 I - a ring of flight (left hand)
 L - the ring "Zemped" {rPois rF+ rC- Will+}
   (You found it in the Dungeon)

   [ring of protection from fire]

   It protects you from fire.
   It makes you vulnerable to cold.
   It protects you from poison.
   It increases your willpower.
 U - the ring of Petappul {rCorr EV+4}
   (You found it in the Dungeon)

   [ring of evasion]

   It affects your evasion (+4).
   It protects you from acid and corrosion.
Wands
 o - a wand of polymorph (9)
 J - a wand of acid (8)
 K - a wand of paralysis (10)
 M - a wand of charming (14)
 T - a wand of digging (4)
Scrolls
 j - a scroll of blinking
 p - 6 scrolls of identify
 B - a scroll of fear
 D - a scroll of magic mapping
 N - 2 scrolls of silence
 X - 6 scrolls of enchant weapon
Potions
 d - 2 potions of brilliance
 e - 17 potions of curing
 g - 9 potions of haste
 h - 3 potions of magic
 i - a potion of ambrosia
 l - a potion of mutation
 w - 16 potions of heal wounds
 C - 5 potions of might
 H - 5 potions of resistance
 Q - 2 potions of invisibility
 V - 3 potions of berserk rage
Miscellaneous
 a - a phial of floods
 c - a lightning rod (4/4)
 f - a condenser vane
 k - the horn of Geryon
 m - a phantom mirror
 x - a phantom mirror
 G - a phantom mirror


   Skills:
 O Level 27 Fighting
 - Level 14.7 Long Blades
 - Level 20.3 Axes
 O Level 27 Armour
 O Level 27 Dodging
 O Level 27 Shields
 + Level 18.0 Spellcasting
 + Level 16.2 Summonings
 + Level 17.4 Earth Magic
 O Level 27 Invocations
 O Level 27 Evocations


You had 37 spell levels left.
You knew the following spells:

 Your Spells              Type           Power      Damage    Failure   Level
a - Dragon's Call         Summ           14%        N/A       100%        9
b - Shatter               Erth           15%        3d15*     100%        9

Your spell library contained the following spells:

 Spells                   Type           Power      Damage    Failure   Level
 Summon Small Mammal      Summ           100%       N/A       1%          1
 Animate Armour           Summ/Erth      58%        N/A       1%          4
 Stone Arrow              Conj/Erth      36%        3d9       2%          3
 Leda's Liquefaction      Hex/Erth       9%         N/A       9%          4
 Borgnjor's Vile Clutch   Necr/Erth      9%         N/A       24%         5
 Animate Skeleton         Necr           12%        N/A       30%         1
 Apportation              Tloc           12%        N/A       30%         1
 Beastly Appendage        Tmut           12%        N/A       30%         1
 Corona                   Hex            6%         N/A       30%         1
 Foxfire                  Conj/Fire      24%        2x1d5     30%         1
 Shock                    Conj/Air       24%        1d4       30%         1
 Sting                    Tmut/Pois      24%        1d4       30%         1
 Monstrous Menagerie      Summ           14%        N/A       32%         7
 Ensorcelled Hibernation  Hex/Ice        12%        N/A       41%         2
 Poisonous Vapours        Pois/Air       12%        N/A       41%         2
 Searing Ray              Conj           12%        3d3       41%         2
 Static Discharge         Conj/Air       6%         N/A       41%         2
 Wereblood                Tmut           6%         N/A       41%         2
 Bolt of Magma            Conj/Fire/Erth 7%         4d6       61%         5
 Confusing Touch          Hex            6%         N/A       65%         3
 Dazzling Flash           Conj/Hex       12%        N/A       65%         3
 Frozen Ramparts          Ice            12%        1d3       65%         3
 Gell's Gravitas          Tloc           3%         N/A       65%         3
 Ignite Poison            Fire/Tmut/Pois 6%         N/A       65%         3
 Mephitic Cloud           Conj/Pois/Air  6%         N/A       65%         3
 Portal Projectile        Hex/Tloc       12%        N/A       65%         3
 Spider Form              Tmut/Pois      3%         N/A       65%         3
 Tukima's Dance           Hex            6%         N/A       65%         3
 Iron Shot                Conj/Erth      9%         9d3       78%         6
 Statue Form              Tmut/Erth      12%        N/A       78%         6
 Summon Horrible Things   Summ           14%        N/A       95%         8
 Animate Dead             Necr           3%         N/A       96%         4
 Cause Fear               Hex            3%         N/A       96%         4
 Ice Form                 Ice/Tmut       6%         N/A       96%         4
 Olgreb's Toxic Radiance  Pois           6%         N/A       96%         4
 Passage of Golubria      Tloc           N/A        N/A       96%         4
 Fireball                 Conj/Fire      3%         3d4       100%        5
 Irradiate                Conj/Tmut      3%         3d14      100%        5
 Iskenderun's Battlesphe  Conj           6%         2d6       100%        5
 Manifold Assault         Tloc           6%         N/A       100%        5
 Silence                  Hex/Air        3%         N/A       100%        5
 Death Channel            Necr           3%         N/A       100%        6
 Dispersal                Tloc           3%         N/A       100%        6
 Simulacrum               Ice/Necr       3%         N/A       100%        6
 Starburst                Conj/Fire      3%         8x6d3     100%        6
 Dragon Form              Tmut           3%         N/A       100%        7
 Haunt                    Necr/Summ      8%         N/A       100%        7
 Malign Gateway           Summ/Tloc      8%         N/A       100%        7
 Orb of Destruction       Conj           3%         9d1       100%        7
 Spellforged Servitor     Conj/Summ      8%         N/A       100%        7
 Storm Form               Tmut/Air       3%         N/A       100%        7
 Disjunction              Tloc           3%         N/A       100%        8
 Ignition                 Fire           3%         3d4       100%        8


Dungeon Overview and Level Annotations

Branches:
Dungeon (1/1)

Altars:
Cheibriados
Dithmenos
Elyvilon
Fedhas
Gozag
Hepliaklqana
Kikubaaqudgha
Makhleb
Nemelex Xobeh
Okawaru
Qazlal
Ru
Sif Muna
Trog
Uskayaw
Vehumet
Wu Jian
Xom
Yredelemnul
Zin
The Shining One
Beogh
Jiyva
Lugonu

Shops:
D (=!![=*!![![*==[(??!:[?


Innate Abilities, Weirdness & Mutations

You have a pair of horns on your head.
You reflexively headbutt those who attack you in melee.
You have supernaturally acute eyesight. (SInv)
Your mind is acute. (Int +2)
Your magical capacity is low. (-10% MP)
Your natural rate of healing is unusually fast.


Message History

The large abomination completely misses you.
You furiously retaliate!
You headbutt the large abomination, but do no damage.
You hit the Executioner.
The Executioner convulses.
The Executioner is heavily wounded.
You block the Executioner's attack. x3
The Executioner hits you but does no damage.
You block the Executioner's attack. x2
You hit the Executioner but do no damage.
Your headbutt misses the Executioner.
The Executioner is heavily wounded.
You block the Executioner's attack. x3
You block the large abomination's attack.
You block the Executioner's attack.
The Executioner hits you but does no damage. x2
A large abomination comes into view.
You slice the Executioner!!
The Executioner convulses!!
You kill the Executioner!
Qazlal accepts your kill.
The large abomination is struck by lightning.
You block the large abomination's attack.
You slash the large abomination!
The large abomination convulses!
You headbutt the large abomination!!
You destroy the large abomination!
Qazlal accepts your kill.
Your Spellcasting skill increases to level 18!
You block the large abomination's attack.
You slice the large abomination!!
The large abomination convulses!!
You destroy the large abomination!
Qazlal accepts your kill.
No target in view!
No target in view!
There is a fountain of clear blue water here.
There is an open door to the Ecumenical Temple here.
There is an open door here.
There is an open door here.
There is an open door here.
There is a staircase leading out of the dungeon here.
You can't go down here!
You have escaped!

▓▓▓▓▓▓▓▓▓▓▓ ▓▓
▓@.#..'...♣♣♣♣ ♣.
▓..#..#......♣ ♣♣)
▓#'####......♣ ♣..
▓.....#....≈.♣♣♣..
▓.....#...≈≈♣♣♣...
▓.....#..≈≈≈≈.♣♣♣.
▓####'#..≈≈≈≈≈≈.♣.
▓.....#)≈≈≈≈≈≈....
▓.....#.≈≈≈≈≈.....


There were no monsters in sight!

Vanquished Creatures
  Antaeus (D)
  the Royal Jelly (D)
  the Serpent of Hell (D)
  Gloorx Vloq (D)
  Dispater (D)
  Tiamat (D)
  Khufu (D)
  An orb of fire (D)
  Mara (D)
  An ancient lich (D)
  Mennas (D)
  Sojobo (D)
  9 royal mummies (D)
  Boris (D)
  A Killer Klown (D)
  Geryon (D)
  Nikola (D)
  2 golden dragons (D)
  A bone dragon (D)
  A Brimstone Fiend (D)
  Nellie (D)
  An iron giant (D)
  Rupert (D)
  3 Hell Sentinels (D)
  2 liches (D)
  3 Orb Guardians (D)
  3 pandemonium lords (D)
  5 Ice Fiends (D)
  8 acid blobs (D)
  A titan (D)
  A quicksilver dragon (D)
  3 deep elf blademasters (D)
  2 sphinxes (D)
  3 Executioners (D)
  Polyphemus (D)
  Harold (D)
  Chuck (D)
  Gastronok (D)
  Roxanne (D)
  An ancient champion (D)
  4 shadow dragons (D)
  A daeva (D)
  3 rockslimes (D)
  Ilsuiw (D)
  A nagaraja (D)
  10 azure jellies (D)
  2 storm dragons (D)
  A fire giant (D)
  2 frost giants (D)
  An iron dragon (D)
  2 draconian scorchers (D)
  3 ghost moths (D)
  A draconian shifter (D)
  3 draconian stormcallers (D)
  5 quicksilver oozes (D)
  4 war gargoyles (D)
  3 stone giants (D)
  A lorocyproca (D)
  2 deep elf demonologists (D)
  Nessos (D)
  Azrael (D)
  2 dire elephants (D)
  2 vampire knights (D)
  A yellow draconian (D)
  2 deep elf annihilators (D)
  A deep elf death mage (D)
  A merfolk javelineer (D)
  A blizzard demon (D)
  7 mummy priests (D)
  3 yaktaur captains (D)
  A deep elf high priest (D)
  A fire dragon (D)
  An ettin (shapeshifter) (D)
  Erolcha (D)
  17 vault guards (D)
  3 hell beasts (D)
  2 centaur warriors (D)
  A naga warrior (D)
  A satyr (shapeshifter) (D)
  2 iron elementals (D)
  5 anacondas (D)
  An ogre mage (D)
  4 death yaks (D)
  4 dancing weapons (D)
  Urug (D)
  5 orc high priests (D)
  2 titan zombies (D)
  2 soul eaters (D)
  2 sun demons (D)
  An iron golem (D)
  A shadow wraith (D)
  4 deep elf knights (D)
  5 skeletal warriors (D)
  A shadow demon (D)
  A glowing orange brain (D)
  A death drake (D)
  A glowing orange brain (shapeshifter) (D)
  A sea snake (D)
  A lindwurm (D)
  A spectral iron dragon (D)
  A spriggan druid (D)
  2 obsidian statues (D)
  2 deep elf pyromancers (D)
  An orange crystal statue (D)
  3 kraken simulacra (D)
  Joseph (D)
  2 deep elf zephyrmancers (D)
  4 ugly things (D)
  2 orc knights (D)
  3 shining eyes (D)
  4 crystal guardians (D)
  2 oklob plants (D)
  2 large abominations (D)
  A moth of wrath (D)
  An elephant (shapeshifter) (D)
  A stone giant skeleton (D)
  2 elephants (D)
  6 black mambas (D)
  A molten gargoyle (D)
  A guardian serpent (D)
  3 rust devils (D)
  9 statues (D)
  6 hellions (D)
  2 cane toads (D)
  36 guardian mummies (D)
  13 yaktaurs (D)
  2 ice devils (D)
  A komodo dragon (D)
  A rime drake (D)
  A tormentor (D)
  3 wandering mushrooms (D)
  A queen bee (D)
  4 spriggan defenders (D)
  3 hornets (D)
  2 tyrant leeches (D)
  3 dream sheep (D)
  A slime creature (shapeshifter) (D)
  5 slime creatures (D)
  8 blink frogs (D)
  5 redbacks (D)
  2 spriggans (D)
  11 shadows (D)
  A golden eye (D)
  A neqoxec (D)
  3 iron troll simulacra (D)
  A swamp worm (shapeshifter) (D)
  2 nagas (D)
  A spatial vortex (D)
  4 water moccasins (D)
  A floating eye (shapeshifter) (D)
  2 hydra simulacra (D)
  4 floating eyes (D)
  A swamp drake (D)
  4 orc warriors (D)
  A black mamba simulacrum (D)
  A necrophage (D)
  5 two-headed ogres (D)
  A water elemental (D)
  32 killer bees (D)
  3 electric eels (D)
  9 quasits (D)
  2 orc priests (D)
  A jelly (D)
  Crazy Yiuf (D)
  4 necromancers (D)
  An orc wizard (D)
  A polar bear simulacrum (D)
  A wolf simulacrum (D)
  3 humans (D)
  A kobold demonologist (D)
  6 adders (D)
  An adder simulacrum (D)
  10 orcs (D)
  2 bat zombies (D)
  An endoplasm (D)
  A bat simulacrum (D)
  A giant cockroach zombie (D)
  3 rats (D)
  A bush (D)
  10 butterflies (D)
  8 plants (D)
518 creatures vanquished.

Vanquished Creatures (others)
  An angel (D)
  2 hydras (D)
  A yaktaur (D)
  An electric eel (D)
  A wizard (D)
  4 ball lightnings (D)
  4 ballistomycete spores (D)
  38 plants (D)
52 creatures vanquished.

Grand Total: 570 creatures vanquished

Notes
Turn   | Place    | Note
-------+----------+-------------------------------------------
     0 | D        | rocky1 the Minotaur Fighter began the quest for the Orb.
     0 | D        | Reached XP level 1. HP: 19/19 MP: 0/0
    57 | D        | Reached skill level 5 in Long Blades
    57 | D        | Reached skill level 5 in Shields
    57 | D        | Reached XP level 2. HP: 6/26 MP: 1/1
   326 | D        | Noticed Crazy Yiuf
   332 | D        | Killed Crazy Yiuf
   333 | D        | Reached XP level 3. HP: 31/31 MP: 2/2
   403 | D        | Noticed a water elemental
   409 | D        | Killed a water elemental
   410 | D        | Reached XP level 4. HP: 38/39 MP: 3/3
   611 | D        | Noticed a shadow
   624 | D        | Killed a shadow
   625 | D        | Reached skill level 5 in Fighting
   625 | D        | Reached skill level 5 in Armour
   625 | D        | Reached XP level 5. HP: 42/50 MP: 4/4
   626 | D        | Reached XP level 6. HP: 47/57 MP: 5/5
   634 | D        | Found a blossoming altar of Fedhas.
   634 | D        | Found a stormy altar of Qazlal.
   634 | D        | Found a snail-covered altar of Cheibriados.
   634 | D        | Found a burning altar of Makhleb.
   634 | D        | Found a shimmering altar of Xom.
   634 | D        | Noticed a spatial vortex
   635 | D        | Found a hazy altar of Hepliaklqana.
   635 | D        | Found an opulent altar of Gozag.
   635 | D        | Found a sparkling altar of Nemelex Xobeh.
   635 | D        | Found a corrupted altar of Lugonu.
   635 | D        | Found a viscous altar of Jiyva.
   638 | D        | Became a worshipper of Qazlal Stormbringer
   665 | D        | Killed a spatial vortex
   666 | D        | Reached skill level 10 in Shields
   666 | D        | Reached skill level 1 in Evocations
   678 | D        | Found a basalt altar of Yredelemnul.
   678 | D        | Found a shadowy altar of Dithmenos.
   678 | D        | Found a sacrificial altar of Ru.
   687 | D        | Reached * piety under Qazlal
   688 | D        | Reached skill level 5 in Dodging
   755 | D        | Found a radiant altar of Vehumet.
   755 | D        | Found a shimmering blue altar of Sif Muna.
   755 | D        | Found an ancient bone altar of Kikubaaqudgha.
   760 | D        | Reached skill level 10 in Long Blades
   760 | D        | Reached XP level 7. HP: 66/66 MP: 6/8
   847 | D        | Found a hide-covered altar of Uskayaw.
   847 | D        | Found an iron altar of Okawaru.
   847 | D        | Found a bloodstained altar of Trog.
   847 | D        | Found an ornate altar of the Wu Jian Council.
   847 | D        | Noticed a human
   849 | D        | Noticed a human
   872 | D        | Killed a human
   880 | D        | Killed a human
   880 | D        | Reached ** piety under Qazlal
  1085 | D        | Found a glowing silver altar of Zin.
  1085 | D        | Found a glowing golden altar of the Shining One.
  1085 | D        | Found a white marble altar of Elyvilon.
  1086 | D        | Noticed a deep elf pyromancer
  1094 | D        | Noticed a fire elemental
  1094 | D        | Killed a deep elf pyromancer
  1095 | D        | Reached XP level 8. HP: 73/75 MP: 0/10
  1195 | D        | Reached skill level 5 in Invocations
  1368 | D        | Noticed a two-headed ogre
  1379 | D        | Killed a two-headed ogre
  1380 | D        | Reached skill level 5 in Evocations
  1450 | D        | Noticed Erolcha
  1450 | D        | Noticed a two-headed ogre
  1458 | D        | Killed Erolcha
  1459 | D        | Reached skill level 10 in Fighting
  1459 | D        | Reached XP level 9. HP: 85/85 MP: 7/12
  1464 | D        | Killed a two-headed ogre
  1464 | D        | Reached *** piety under Qazlal
  1465 | D        | Reached skill level 10 in Armour
  1909 | D        | Noticed an orc high priest
  1910 | D        | Reached **** piety under Qazlal
  1913 | D        | Killed an orc high priest
  1934 | D        | Reached ***** piety under Qazlal
  1935 | D        | Reached XP level 10. HP: 86/94 MP: 14/14
  1938 | D        | Noticed an orc high priest
  1941 | D        | Noticed a soul eater
  1942 | D        | Noticed a smoke demon
  1946 | D        | Killed an orc high priest
  1998 | D        | Found Sippaohai's General Store.
  2029 | D        | Bought a potion of heal wounds for 70 gold pieces
  2056 | D        | Noticed a deep elf zephyrmancer
  2056 | D        | Noticed a deep elf knight
  2056 | D        | Noticed a deep elf zephyrmancer
  2056 | D        | Noticed a deep elf knight
  2056 | D        | Noticed a deep elf pyromancer
  2066 | D        | Killed a deep elf knight
  2072 | D        | Killed a deep elf zephyrmancer
  2073 | D        | Reached skill level 10 in Dodging
  2074 | D        | Killed a deep elf pyromancer
  2079 | D        | Killed a deep elf knight
  2086 | D        | Killed a deep elf zephyrmancer
  2256 | D        | Reached ****** piety under Qazlal
  2288 | D        | Reached XP level 11. HP: 96/104 MP: 16/16
  2592 | D        | Killed a four-headed hydra
  2696 | D        | Killed an eight-headed hydra
  2820 | D        | Noticed a lindwurm
  2830 | D        | Killed a lindwurm
  2831 | D        | Reached skill level 10 in Invocations
  2903 | D        | Noticed Urug
  2917 | D        | Killed Urug
  3137 | D        | Reached skill level 15 in Shields
  3229 | D        | Noticed Rupert
  3246 | D        | Killed Rupert
  3247 | D        | Reached skill level 10 in Evocations
  3247 | D        | Reached XP level 12. HP: 25/117 MP: 17/19
  3568 | D        | Noticed a death yak
  3569 | D        | Noticed a death yak
  3569 | D        | Noticed a death yak
  3569 | D        | Noticed a death yak
  3588 | D        | Killed a death yak
  3592 | D        | Killed a death yak
  3602 | D        | Killed a death yak
  3611 | D        | Killed a death yak
  3638 | D        | Noticed an azure jelly
  3638 | D        | Noticed an azure jelly
  3920 | D        | Noticed an azure jelly
  3920 | D        | Noticed an azure jelly
  3932 | D        | Noticed Polyphemus
  3963 | D        | Killed Polyphemus
  3964 | D        | Reached skill level 15 in Fighting
  3964 | D        | Reached skill level 15 in Armour
  4068 | D        | Noticed Ilsuiw
  4100 | D        | Killed Ilsuiw
  4444 | D        | Found Aschomig's Antique Weapon Shoppe.
  4445 | D        | Found Gaekh's Jewellery Boutique.
  4447 | D        | Noticed a merfolk javelineer
  4469 | D        | Killed a merfolk javelineer
  4839 | D        | Found Quxocohe's Distillery.
  4864 | D        | Bought a potion of flight for 33 gold pieces
  4864 | D        | Bought a potion of haste for 110 gold pieces
  4864 | D        | Bought a potion of heal wounds for 55 gold pieces
  4864 | D        | Bought 2 potions of curing for 66 gold pieces
  4864 | D        | Bought a potion of curing for 33 gold pieces
  4864 | D        | Bought a potion of curing for 33 gold pieces
  4866 | D        | Bought a glowing long sword for 123 gold pieces
  4867 | D        | Bought the ring "Qiesan" {rN++ SInv} for 422 gold pieces
  4867 | D        | Bought an amulet of regeneration for 390 gold pieces
  4886 | D        | Got a barnacled rune of Zot
  4959 | D        | Noticed a dire elephant
  4959 | D        | Noticed a dire elephant
  4959 | D        | Noticed Gastronok
  4986 | D        | Killed a dire elephant
  4991 | D        | Killed a dire elephant
  5003 | D        | Killed Gastronok
  5004 | D        | Reached XP level 13. HP: 84/129 MP: 11/21
  5240 | D        | Found a blossoming altar of Fedhas.
  5276 | D        | Reached skill level 15 in Dodging
  5435 | D        | Noticed a nagaraja
  5440 | D        | Found Ecuin's Distillery.
  5440 | D        | Found Laerrit's Antique Armour Shoppe.
  5447 | D        | Killed a nagaraja
  5448 | D        | Found Doxeef's Jewellery Boutique.
  5554 | D        | Got a serpentine rune of Zot
  5567 | D        | Bought a pair of boots for 94 gold pieces
  5577 | D        | Bought a potion of might for 56 gold pieces
  5577 | D        | Bought 2 potions of curing for 84 gold pieces
  5577 | D        | Bought a potion of heal wounds for 70 gold pieces
  5676 | D        | Noticed Harold
  5676 | D        | Noticed Joseph
  5684 | D        | Killed Harold
  5692 | D        | Killed Joseph
  6192 | D        | Noticed an ettin
  6192 | D        | a shock serpent changed into an ettin
  6195 | D        | Killed an ettin
  6254 | D        | Reached skill level 15 in Invocations
  6267 | D        | Reached XP level 14. HP: 24/144 MP: 22/24
  6589 | D        | Noticed Chuck
  6601 | D        | Killed Chuck
  6823 | D        | Found Xoir's Magic Scroll Emporium.
  6823 | D        | Found Wibran's Distillery.
  6823 | D        | Found Qotseteof's Antique Armour Boutique.
  6823 | D        | Found Gitagg's Magic Scroll Shoppe.
  6823 | D        | Found Nemetik's Antique Weapon Boutique.
  6823 | D        | Found Deisch's Magic Scroll Emporium.
  6823 | D        | Found Kuosm's Jewellery Shoppe.
  6823 | D        | Found Roqoek's Antique Armour Shop.
  6823 | D        | Found Suecvobb's Jewellery Shop.
  6823 | D        | Found Bomnubur's Assorted Antiques.
  6823 | D        | Found Akesuar's Book Boutique.
  6889 | D        | Bought 2 potions of heal wounds for 130 gold pieces
  6995 | D        | Identified the +7 great sword "Eme Meco" {venom, *Slow
                  | Fragile +Blink rElec}
  6998 | D        | Noticed a deep elf blademaster
  7101 | D        | Identified the +10 glaive "Pucs" {freeze, rElec}
  7103 | D        | Identified the +7 battleaxe of the Sixty-Six Yaks {freeze,
                  | rElec rCorr Dex-3}
  7237 | D        | Identified the +1 trident "Orb Guardian's Death" {holy,
                  | Fragile rN+ Dex+3}
  7244 | D        | Identified the +4 glaive "Newtslayer" {drain, +Rage rCorr}
  7339 | D        | Reached skill level 15 in Evocations
  7343 | D        | Killed a deep elf blademaster
  7353 | D        | Identified the Disquisition on Arcane Weapons
  7359 | D        | Identified the ring "Anirph" {rPois Int+2}
  7359 | D        | Identified the ring "Zemped" {rPois rF+ rC- Will+}
  7606 | D        | Noticed Boris
  7627 | D        | Killed Boris
  7751 | D        | Noticed Mennas
  7825 | D        | Killed Mennas
  8195 | D        | Found Hogeedud's Distillery.
  8195 | D        | Found Ifug's Distillery.
  8195 | D        | Found Vaufog's Armour Shop.
  8195 | D        | Found Aboch's Armour Shoppe.
  8202 | D        | Reached XP level 15. HP: 153/157 MP: 26/26
  8211 | D        | Noticed Roxanne
  8237 | D        | Killed Roxanne
  8331 | D        | Found Kual's Distillery.
  8551 | D        | Noticed Nikola
  8551 | D        | Noticed a storm dragon
  8557 | D        | Killed a storm dragon
  8567 | D        | Killed Nikola
  8936 | D        | Noticed Mara
  9056 | D        | Noticed rocky1's illusion
  9070 | D        | Killed Mara
  9464 | D        | Noticed Geryon
  9496 | D        | Killed Geryon
  9683 | D        | Noticed Sojobo
  9693 | D        | Killed Sojobo
  9694 | D        | Reached XP level 16. HP: 144/171 MP: 16/28
  9752 | D        | Noticed a lich
  9759 | D        | Killed a lich
  9772 | D        | Noticed a shadow dragon
  9773 | D        | Noticed a shadow dragon
  9808 | D        | Killed a shadow dragon
  9821 | D        | Killed a shadow dragon
  9849 | D        | Gained mutation: Your magical capacity is low. (-10% MP) [a
                  | neqoxec]
  9879 | D        | Noticed a golden dragon
  9879 | D        | Noticed a titan
  9879 | D        | Noticed a shadow dragon
  9879 | D        | Noticed a quicksilver dragon
  9879 | D        | Noticed a shadow dragon
  9880 | D        | Noticed a golden dragon
  9883 | D        | Killed a quicksilver dragon
  9883 | D        | Killed a golden dragon
  9883 | D        | Killed a titan
  9884 | D        | Killed a shadow dragon
  9884 | D        | Killed a golden dragon
  9884 | D        | Killed a shadow dragon
  9982 | D        | Identified the +2 pair of gloves of Sannuet {Will+}
 10011 | D        | Got a silver rune of Zot
 10029 | D        | Identified the +7 falchion "Ureux" {vorpal, Dex+4}
 10350 | D        | Acquired 606 gold pieces
 10384 | D        | Noticed Azrael
 10394 | D        | Killed Azrael
 10431 | D        | Acquired 748 gold pieces
 10509 | D        | Bought a scroll of blinking for 82 gold pieces
 10509 | D        | Bought a scroll of enchant weapon for 82 gold pieces
 10509 | D        | Bought a scroll of magic mapping for 38 gold pieces
 10509 | D        | Bought a scroll of blinking for 82 gold pieces
 10519 | D        | Bought a pair of fine boots for 218 gold pieces
 10519 | D        | Identified the +4 pair of boots "Xeurchekh" {rC+} (You
                  | bought it in a shop in the Dungeon)
 10764 | D        | Noticed a bone dragon
 10772 | D        | Killed a bone dragon
 10773 | D        | Reached XP level 17. HP: 179/185 MP: 27/27
 10937 | D        | Noticed a royal mummy
 10938 | D        | Noticed a royal mummy
 10944 | D        | Killed a royal mummy
 10959 | D        | HP: 6/188 [emperor scorpion[a royal mummy] (16)]
 11138 | D        | Killed a royal mummy
 11145 | D        | Got a golden rune of Zot
 11151 | D        | Identified the +1 whip of the Heavens {venom, rPois Dex+3
                  | SInv}
 11152 | D        | Identified the ring of Petappul {rCorr EV+4}
 11152 | D        | Identified the Compendium of Glacial Feathers
 11171 | D        | Acquired the +5 demon blade "Tousull" {flame, rC+}
 11173 | D        | Acquired 973 gold pieces
 11175 | D        | Acquired 610 gold pieces
 11177 | D        | Acquired the ring of Imaedonlo {rF+ Str+6 Dex+3 Slay+3
                  | Stlth+}
 11179 | D        | Acquired a manual of Axes
 11444 | D        | Bought a scroll of enchant armour for 82 gold pieces
 11447 | D        | Bought a scroll of enchant armour for 180 gold pieces
 11447 | D        | Bought a runed broad axe for 168 gold pieces
 11629 | D        | Noticed a royal mummy
 11645 | D        | Killed a royal mummy
 11743 | D        | Noticed a royal mummy
 11750 | D        | Killed a royal mummy
 11843 | D        | Noticed a royal mummy
 11843 | D        | Noticed Gloorx Vloq
 11849 | D        | Killed Gloorx Vloq
 11855 | D        | Killed a royal mummy
 11999 | D        | Bought a +0 pair of gloves of dexterity for 126 gold pieces
 12000 | D        | Bought a potion of invisibility for 88 gold pieces
 12000 | D        | Bought a potion of might for 44 gold pieces
 12000 | D        | Bought a potion of heal wounds for 55 gold pieces
 12000 | D        | Bought a potion of magic for 88 gold pieces
 12000 | D        | Bought a potion of curing for 33 gold pieces
 12001 | D        | Bought a potion of curing for 33 gold pieces
 12001 | D        | Bought 2 potions of haste for 220 gold pieces
 12001 | D        | Bought a potion of mutation for 88 gold pieces
 12001 | D        | Bought 2 potions of might for 88 gold pieces
 12001 | D        | Bought a potion of mutation for 88 gold pieces
 12001 | D        | Bought a potion of might for 44 gold pieces
 12001 | D        | Bought a potion of berserk rage for 55 gold pieces
 12017 | D        | Bought a potion of mutation for 96 gold pieces
 12017 | D        | Bought a potion of berserk rage for 60 gold pieces
 12017 | D        | Bought a potion of mutation for 96 gold pieces
 12017 | D        | Bought a potion of heal wounds for 60 gold pieces
 12017 | D        | Bought a potion of curing for 36 gold pieces
 12017 | D        | Bought a potion of curing for 36 gold pieces
 12017 | D        | Bought a potion of resistance for 120 gold pieces
 12064 | D        | Reached skill level 27 in Fighting
 12092 | D        | Bought a potion of heal wounds for 65 gold pieces
 12092 | D        | Bought a potion of berserk rage for 65 gold pieces
 12092 | D        | Bought a potion of heal wounds for 65 gold pieces
 12092 | D        | Bought a potion of haste for 130 gold pieces
 12103 | D        | Bought a scroll of enchant weapon for 75 gold pieces
 12190 | D        | Noticed a royal mummy
 12199 | D        | Killed a royal mummy
 12200 | D        | Reached skill level 27 in Armour
 12200 | D        | Reached XP level 18. HP: 200/200 MP: 29/29
 12269 | D        | Noticed a royal mummy
 12287 | D        | Killed a royal mummy
 12405 | D        | Lost mutation: Your magical capacity is low. (-10% MP)
                  | [potion of mutation]
 12405 | D        | Gained mutation: Your magical capacity is low. (-10% MP)
                  | [potion of mutation]
 12405 | D        | Gained mutation: You have a pair of large horns on your
                  | head. [potion of mutation]
 12405 | D        | Gained mutation: You are covered in fur. (AC +1) [potion of
                  | mutation]
 12434 | D        | Noticed a royal mummy
 12434 | D        | Noticed Khufu
 12440 | D        | Noticed a royal mummy
 12449 | D        | Killed a royal mummy
 12453 | D        | Killed Khufu
 12454 | D        | Killed a royal mummy
 12580 | D        | Got a bone rune of Zot
 12628 | D        | Noticed an iron giant
 12645 | D        | Killed an iron giant
 12646 | D        | Reached skill level 27 in Dodging
 12876 | D        | Noticed a Hell Sentinel
 12877 | D        | Found the +2 cloak of the Thief {*Fog Slay-2 SInv Stlth+}
 12892 | D        | Killed a Hell Sentinel
 12974 | D        | Noticed a Hell Sentinel
 12974 | D        | Found the +4 staff of Dispater
 12974 | D        | Noticed Dispater
 12975 | D        | Noticed a Hell Sentinel
 12977 | D        | Killed a Hell Sentinel
 12978 | D        | Reached skill level 27 in Shields
 12978 | D        | Killed Dispater
 12979 | D        | Killed a Hell Sentinel
 13178 | D        | Got an iron rune of Zot
 13218 | D        | Noticed the Serpent of Hell
 13243 | D        | Killed the Serpent of Hell
 13244 | D        | Reached skill level 27 in Invocations
 13247 | D        | Noticed a Brimstone Fiend
 13255 | D        | Killed a Brimstone Fiend
 13256 | D        | Reached skill level 27 in Evocations
 13256 | D        | Reached skill level 1 in Axes
 13256 | D        | Reached XP level 19. HP: 65/207 MP: 26/31
 13367 | D        | Reached skill level 1 in Spellcasting
 13369 | D        | Reached skill level 5 in Axes
 13493 | D        | Got an obsidian rune of Zot
 13561 | D        | Noticed Antaeus
 13621 | D        | Killed Antaeus
 13624 | D        | Got an icy rune of Zot
 13730 | D        | Identified the +6 broad axe "Coassian" {vorpal, Contam
                  | Drain rPois Will+++}
 13757 | D        | Reached skill level 10 in Spellcasting
 14051 | D        | Bought a potion of curing for 42 gold pieces
 14051 | D        | Bought a potion of haste for 140 gold pieces
 14051 | D        | Bought a potion of invisibility for 112 gold pieces
 14051 | D        | Bought a potion of haste for 140 gold pieces
 14051 | D        | Bought a potion of resistance for 140 gold pieces
 14051 | D        | Bought a potion of magic for 112 gold pieces
 14261 | D        | Learned a level 9 spell: Dragon's Call
 14271 | D        | Learned a level 9 spell: Shatter
 14289 | D        | Reached skill level 1 in Summonings
 14350 | D        | Noticed the Royal Jelly
 14371 | D        | Killed the Royal Jelly
 14451 | D        | Got a slimy rune of Zot
 14549 | D        | Noticed Nellie
 14570 | D        | Killed Nellie
 14582 | D        | Got a demonic rune of Zot
 14705 | D        | Noticed Nessos
 14712 | D        | Killed Nessos
 14726 | D        | Paralysed by a floating eye for 2 turns
 14733 | D        | Paralysed by a floating eye for 2 turns
 14742 | D        | Reached skill level 10 in Earth Magic
 14800 | D        | Paralysed by a Zot trap for 5 turns
 14866 | D        | Noticed a Killer Klown
 14896 | D        | Killed a Killer Klown
 14897 | D        | Reached skill level 10 in Summonings
 14934 | D        | Reached XP level 20. HP: 216/216 MP: 33/33
 14949 | D        | Noticed an ancient lich
 14958 | D        | Killed an ancient lich
 14959 | D        | Reached skill level 15 in Spellcasting
 15041 | D        | Found the +4 dragonskin cloak
 15041 | D        | Noticed Tiamat
 15053 | D        | Killed Tiamat
 15128 | D        | Noticed an orb of fire
 15132 | D        | Gained mutation: You sometimes lose the ability to read
                  | scrolls when taking damage. [an orb of fire]
 15137 | D        | Gained mutation: Armour fits poorly on your strangely
                  | shaped body. [an orb of fire]
 15148 | D        | Killed an orb of fire
 15149 | D        | Reached skill level 15 in Earth Magic
 15153 | D        | Gained mutation: You tend to lose your temper in combat. [a
                  | zot statue]
 15204 | D        | Lost mutation: Armour fits poorly on your strangely shaped
                  | body. [potion of mutation]
 15204 | D        | Lost mutation: You sometimes lose the ability to read
                  | scrolls when taking damage. [potion of mutation]
 15204 | D        | Gained mutation: Your flesh is heat resistant. (rF+)
                  | [potion of mutation]
 15205 | D        | Lost mutation: You tend to lose your temper in combat.
                  | [potion of mutation]
 15205 | D        | Lost mutation: Your magical capacity is low. (-10% MP)
                  | [potion of mutation]
 15205 | D        | Gained mutation: Your muscles are strong. (Str +2) [potion
                  | of mutation]
 15205 | D        | Gained mutation: Your body sometimes deteriorates upon
                  | taking damage. [potion of mutation]
 15205 | D        | Gained mutation: Armour fits poorly on your strangely
                  | shaped body. [potion of mutation]
 15206 | D        | Lost mutation: Your flesh is heat resistant. (rF+) [potion
                  | of mutation]
 15206 | D        | Lost mutation: You are covered in fur. (AC +1) [potion of
                  | mutation]
 15206 | D        | Lost mutation: Armour fits poorly on your strangely shaped
                  | body. [potion of mutation]
 15206 | D        | Gained mutation: You have an increased reservoir of magic.
                  | (+10% MP) [potion of mutation]
 15206 | D        | Gained mutation: You have supernaturally acute eyesight.
                  | (SInv) [potion of mutation]
 15207 | D        | Lost mutation: Your muscles are strong. (Str +2) [potion of
                  | mutation]
 15207 | D        | Lost mutation: Your body sometimes deteriorates upon taking
                  | damage. [potion of mutation]
 15207 | D        | Gained mutation: Your muscles are strong. (Str +2) [potion
                  | of mutation]
 15207 | D        | Gained mutation: You occasionally shout uncontrollably at
                  | your foes. [potion of mutation]
 15207 | D        | Lost mutation: You have a pair of large horns on your head.
                  | [potion of mutation]
 15208 | D        | Lost mutation: Your muscles are strong. (Str +2) [potion of
                  | mutation]
 15208 | D        | Lost mutation: You occasionally shout uncontrollably at
                  | your foes. [potion of mutation]
 15208 | D        | Lost mutation: You have an increased reservoir of magic.
                  | (+10% MP) [potion of mutation]
 15208 | D        | Gained mutation: You are resistant to electric shocks.
                  | (rElec) [potion of mutation]
 15208 | D        | Gained mutation: You are frail. (-10% HP) [potion of
                  | mutation]
 15209 | D        | Lost mutation: You are frail. (-10% HP) [potion of
                  | mutation]
 15209 | D        | Lost mutation: You are resistant to electric shocks.
                  | (rElec) [potion of mutation]
 15209 | D        | Gained mutation: Your magical capacity is low. (-10% MP)
                  | [potion of mutation]
 15209 | D        | Gained mutation: Your mind is acute. (Int +2) [potion of
                  | mutation]
 15209 | D        | Gained mutation: Your natural rate of healing is unusually
                  | fast. [potion of mutation]
 15215 | D        | Got the Orb of Zot
 15271 | D        | Noticed Koutocug the pandemonium lord
 15285 | D        | Killed Koutocug the pandemonium lord
 15320 | D        | Noticed Aka Cior the pandemonium lord
 15371 | D        | Killed Aka Cior the pandemonium lord
 15372 | D        | Reached skill level 15 in Summonings
 15469 | D        | Noticed Kiabret the pandemonium lord
 15493 | D        | Killed Kiabret the pandemonium lord
 15655 | D        | Escaped with the Orb!

Illustrated notes

Levels and vault maps discovered:
D:        dungeon_sprint_mu [sprint_mu_entry_forest, sprint_mu_temple_rooms,
          sprint_mu_d1_spiders, sprint_mu_d2_genie, sprint_mu_d3_branching,
          sprint_mu_orc_legion, sprint_mu_elf_gauntlet, sprint_mu_hive_nellie,
          sprint_mu_lair_fedhas, sprint_mu_vaults_butterflies,
          sprint_mu_slime_circle, sprint_mu_shoals_archi,
          sprint_mu_snake_twists, sprint_mu_blade_basic,
          sprint_mu_crypt_chambers, sprint_mu_tomb_spiral,
          sprint_mu_vestibule_basic, sprint_mu_gehenna_hellfire,
          sprint_mu_dis_giant, sprint_mu_tartarus_statrot,
          sprint_mu_cocytus_islands, sprint_mu_zot1]

Skill      XL: |  1  2  3  4  5  6  7  8  9 10 11 12 13 14 15 16 17 18 19 20 |
---------------+-------------------------------------------------------------+-----
Long Blades    | 5 6 8 9 10 11 12 13 14 | 14.7
Shields        | 5 6 8 9 10 11 12 14 15 18 21 24 27 | 27.0
Fighting       | 5 6 7 8 10 12 14 16 18 20 22 25 27 | 27.0
Armour         | 5 7 8 9 10 12 13 16 18 20 22 24 27 | 27.0
Dodging        | 3 4 5 6 8 9 10 12 14 16 19 21 23 25 27 | 27.0
Invocations    | 2 4 6 7 9 11 13 15 17 19 21 23 27 | 27.0
Evocations     | 2 4 5 6 8 10 12 14 17 19 21 22 27 | 27.0
Axes           | 1 20 | 20.3
Spellcasting   | 14 18 | 18.0
Summonings     | 11 16 | 16.2
Earth Magic    | 12 17 | 17.4

Action                   |  1- 3 |  4- 6 |  7- 9 | 10-12 | 13-15 | 16-18 | 19-21 || total
-------------------------+-------+-------+-------+-------+-------+-------+-------++-------
Melee: Long sword        |    22 |    32 |    99 |   368 |   487 |       |       ||  1008
       Headbutt          |     4 |    10 |    25 |    93 |   215 |   149 |   182 ||   678
       Eudemon blade     |       |       |       |       |   280 |   440 |   258 ||   978
       Demon blade       |       |       |       |       |       |       |   221 ||   221
Throw: Dart              |     8 |       |       |       |       |       |       ||     8
Invok: Upheaval          |       |       |     5 |    14 |    55 |    10 |     8 ||    92
       Disaster Area     |       |       |       |     1 |     2 |    10 |     3 ||    16
Evoke: Condenser vane    |       |       |       |       |     2 |       |       ||     2
       Wand              |       |       |       |       |       |       |     3 ||     3
  Use: Potion            |     1 |     2 |       |     3 |     3 |     6 |    10 ||    25
       Scroll            |       |       |     1 |       |    10 |    20 |       ||    31
 Stab: Distracted        |       |       |       |       |       |     2 |       ||     2
Armor: Scale mail        |     3 |     1 |    10 |    12 |   115 |    13 |       ||   154
       Plate armour      |       |       |       |    29 |       |       |       ||    29
       Gold dragon scale |       |       |       |       |       |    54 |    71 ||   125
Dodge: Dodged            |     5 |     5 |    24 |    76 |   150 |    87 |    67 ||   414
       Repelled          |       |       |       |       |     6 |     6 |     6 ||    18
Block: Kite shield       |     6 |     9 |    54 |   273 |   490 |       |       ||   832
       Tower shield      |       |       |       |       |       |   442 |   325 ||   767
       Reflection        |       |       |       |       |       |    14 |     9 ||    23
       Rpst.: Long sword |     4 |     2 |     2 |    17 |    19 |       |       ||    44
       Eudemon blade     |       |       |       |       |     3 |    12 |     5 ||    20
       Demon blade       |       |       |       |       |       |       |     2 ||     2

Table legend: (Time is in decaauts) A = Elapsed time spent in this place. B = Non-inter-level travel time spent in this place. C = Inter-level travel time spent in this place. D = Time resting spent in this place. E = Time spent auto-exploring this place. F = Levels seen in this place. G = Mean time per level. A B C D E F G +--------+--------+--------+--------+--------+-----+--------+ Total | 14999 | 13969 | 1030 | 7319 | 0 | 1 | 14999.0 | Dungeon | 14999 | 13969 | 1030 | 7319 | 0 | 1 | 14999.0 | +--------+--------+--------+--------+--------+-----+--------+

Top non-repeatable levels by time:
       D: 14999 daAuts
